 Dungeon Crawl Stone Soup version 0.23-a0-14-g8c9a20f (webtiles) character file.

57220 Loudmushroom the Severer (level 14, -2/129 HPs)
             Began as a Minotaur Berserker on Aug 2, 2018.
             Was the Champion of Trog.
             Slain by an orc warrior
             ... wielding a +0 hand axe
             ... led by Saint Roka
              (19 damage)
             ... on level 2 of the Orcish Mines.
             The game lasted 01:52:04 (22536 turns).

Loudmushroom the Severer (Minotaur Berserker)      Turns: 22536, Time: 01:52:04

Health: -2/129     AC: 25    Str: 21    XL:     14   Next: 44%
Magic:  17/17      EV: 17    Int:  4    God:    Trog [******]
Gold:   1801       SH:  0    Dex: 16    Spells: 13/13 levels left

rFire    . . .     SeeInvis .   a - +1 battleaxe (chop)
rCold    . . .     Gourm    .   (shield currently unavailable)
rNeg     . . .     Faith    .   J - +2 chain mail {MR+}
rPois    .         Spirit   .   (helmet restricted)
rElec    .         Reflect  .   m - +2 cloak
rCorr    .         Harm     .   l - +2 pair of gloves
MR       ++++.                  W - +2 pair of boots
Stlth    ..........             (no amulet)
HPRegen  1.31/turn              w - ring of stealth
MPRegen  0.15/turn              S - +2 ring of evasion

@: regenerating, drained
A: retaliatory headbutt, horns 2
a: Berserk, Trog's Hand, Brothers in Arms, Renounce Religion


You were on level 2 of the Orcish Mines.
You worshipped Trog.
Trog was exalted by your worship.
You were not hungry.

You visited 3 branches of the dungeon, and saw 18 of its levels.

You collected 1801 gold pieces.

Inventory:

Hand Weapons
 a - a +1 battleaxe of chopping (weapon)
 b - a +3 shortbow
 q - a +0 morningstar
 D - a +4 battleaxe
Missiles
 g - 249 arrows
 y - 23 tomahawks
 C - 21 javelins (quivered)
Armour
 j - a +0 chain mail of cold resistance
 l - a +2 pair of gloves (worn)
 m - a +2 cloak (worn)
 u - the +2 pair of gloves "Cuahat" {*Slow rC+ Dex+2 SInv}
   (You acquired it on level 9 of the Dungeon)

   It affects your dexterity (+2).
   It protects you from cold.
   It lets you see invisible.
   It may slow you when you take damage.
 I - a +0 plate armour
 J - a +2 chain mail of magic resistance (worn)
 W - a +2 pair of boots (worn)
Jewellery
 p - an uncursed ring of positive energy
 w - a ring of stealth (left hand)
 S - a +2 ring of evasion (right hand)
 X - an uncursed ring of ice
Wands
 d - a wand of scattershot (2)
 i - a wand of flame (80)
 o - a wand of iceblast (18)
 s - a wand of clouds (6)
 E - a wand of enslavement (39)
 G - a wand of paralysis (12)
 K - a wand of acid (9)
 T - a wand of digging (17)
 V - a wand of polymorph (16)
Scrolls
 e - 5 scrolls of teleportation
 h - 4 scrolls of immolation
 n - 3 scrolls of fog
 t - 8 scrolls of remove curse
 L - a scroll of blinking
 N - 11 scrolls of identify
 P - 4 scrolls of magic mapping
 U - 2 scrolls of vulnerability {unknown}
Potions
 f - 5 potions of curing
 k - a potion of cancellation {unknown}
 r - 5 potions of lignification
 v - 3 potions of flight {unknown}
 x - a potion of mutation {unknown}
 z - 3 potions of agility
 A - 2 potions of degeneration {unknown}
 B - 6 potions of haste
 F - a potion of magic {unknown}
 H - 3 potions of heal wounds
 M - 2 potions of brilliance {unknown}
 O - a potion of berserk rage {unknown}
 Q - a potion of invisibility {unknown}
 Z - 2 potions of might {unknown}
Comestibles
 c - 20 rations
 R - 6 chunks of flesh


   Skills:
 + Level 13.4(13.2) Fighting
 * Level 17.8(17.6) Axes
 + Level 13.2(13.0) Armour
 + Level 12.2(12.0) Dodging
 + Level 6.2(6.0) Evocations


You had 13 spell levels left.
You didn't know any spells.
Your spell library contained the following spells:

 Spells                   Type           Power        Failure   Level  Hunger
 Confuse                  Hex            #.......     100%        3    ####...
 Tukima's Dance           Hex            #.......     100%        3    ####...
 Stone Arrow              Conj/Erth      #.....       100%        3    ####...
 Statue Form              Tmut/Erth      #........    100%        6    #######
 Dragon Form              Tmut           #.........   100%        7    #######
 Passwall                 Tmut/Erth      #.......     99%         2    ###....
 Ensorcelled Hibernation  Hex/Ice        #.....       99%         2    ###....
 Corona                   Hex            #......      97%         1    ##.....
 Lee's Rapid Deconstruct  Erth           #.........   100%        5    ######.
 Sandblast                Erth           #.....       97%         1    ##.....
 Petrify                  Tmut/Erth      #.......     100%        4    #####..
 Dazzling Spray           Conj/Hex       #.....       100%        3    ####...
 Hydra Form               Tmut           #.........   100%        6    #######
 Irradiate                Conj/Tmut      #.........   100%        5    ######.


Dungeon Overview and Level Annotations

Branches:
Dungeon (10/15)            Temple (0/1) D:4            Lair (6/6) D:10
 Shoals (0/4) Lair:2       Spider (0/4) Lair:2        Slime (0/5) Lair:5
    Orc (2/2) D:10            Elf (0/3) Orc:2

Altars:
Cheibriados
Dithmenos
Gozag
Kikubaaqudgha
Makhleb
Okawaru
Qazlal
Wu Jian
Xom
The Shining One
Beogh

Shops:
D:5 %   D:10 [

Portals:
Trove: D:10 (give +3 gold dragon scales)

Annotations:
D:9 1 runed door
Orc:2 Saint Roka


Innate Abilities, Weirdness & Mutations

You reflexively headbutt those who attack you in melee.
You have a pair of horns on your head.


Message History

The orc warrior hits you but does no damage.
The orc warrior closely misses you.
An orc comes into view. It is wielding a hand axe.
You slice Saint Roka!!
Saint Roka is lightly wounded.
You hit the orc warrior but do no damage.
You closely miss the orc warrior. You slash the orc!
You kill the orc!
Trog accepts your kill.
You closely miss the orc warrior.
The orc no longer looks unusually strong.
The orc warrior completely misses you. You furiously retaliate!
You headbutt the orc warrior!
You kill the orc warrior!
Trog accepts your kill.
Saint Roka roars a battlecry!
The orcs go into a battle-frenzy!
The orc completely misses you.
The orc warrior hits you with a hand axe!!
You die...

##....# ....## ....
.#.## #....### #.#.#
...$######.#..#.###...##
.#.##.#................#
..#....#...............#
............$.#........
#...##........##...#
##......##.#..))@o.#
####.....#####))oo.#
#.#.......##....{oo#
#..))......#...<..o#
..))##.........###.o.
.....#.........# #...
.#.######...#.## #.##
##.# #...### .. .###
#..##


You could see Saint Roka, 2 orc warriors, an orc wizard and 3 orcs.

Vanquished Creatures
  Rupert (Lair:3)
  Kirke (Lair:4)
  Fannar (D:10)
  4 hydras
  4 two-headed ogres
  3 death yaks (Lair:5)
  An orc high priest (Orc:2)
  Urug (Orc:1)
  2 unseen horrors (D:10)
  2 orc knights
  An orc sorcerer (Orc:2)
  A cyclops (Orc:1)
  6 black mambas
  Joseph (D:8)
  11 elephants (Lair:6)
  14 spiny frogs
  4 rime drakes
  5 komodo dragons
  2 trolls (Orc:2)
  A merfolk (Lair:2)
  6 polar bears
  A jumping spider (Lair:2)
  Grinder (D:5)
  3 blink frogs (Lair:6)
  4 hippogriffs
  7 hornets (Lair:6)
  4 dream sheep (Lair:4)
  Sigmund (D:6)
  15 spriggans
  A wraith (D:10)
  2 wyverns (Lair:3)
  35 yaks
  2 redbacks (Lair:2)
  4 hogs (Lair:4)
  2 hungry ghosts (D:9)
  3 basilisks
  6 wargs
  16 water moccasins
  4 porcupines
  15 orc warriors
  3 ice beasts
  6 black bears
  3 sky beasts
  2 necrophages
  12 ogres
  2 phantoms
  7 boggarts
  2 centaurs (D:6)
  26 wolves
  6 crocodiles
  15 bullfrogs
  A gnoll sergeant (D:8)
  A wyvern skeleton (D:9)
  2 scorpions
  11 killer bees
  2 howler monkeys
  5 wights (D:10)
  3 electric eels (Lair:6)
  5 crimson imps
  A bullfrog zombie (D:5)
  4 jellies
  2 hounds
  9 orc wizards
  12 orc priests
  Crazy Yiuf (D:3)
  A bullfrog skeleton (D:7)
  4 centaur skeletons
  Ijyb (D:5)
  2 iguanas
  Natasha (thrice) (D:2)
  10 worker ants
  2 killer bee zombies
  A hound skeleton (D:5)
  A worker ant zombie (D:6)
  A howler monkey zombie (D:6)
  Robin (D:3)
  12 gnolls
  2 howler monkey skeletons
  11 adders
  2 shadow imps
  4 oozes
  4 adder skeletons
  4 worms
  5 dart slugs
  5 leopard geckos
  45 orcs
  6 bats
  23 giant cockroaches
  25 goblins
  6 hobgoblins
  10 jackals
  5 quokkas
  2 ball pythons
  4 frilled lizards
  A jackal skeleton (D:6)
  13 kobolds
  A quokka skeleton (D:8)
  9 rats
  2 butterflies
  6 fungi
  A plant (Lair:6)
576 creatures vanquished.

Vanquished Creatures (others)
  A human (Lair:4)
  3 fungi (Lair:6)
  3 plants
7 creatures vanquished.

Grand Total: 583 creatures vanquished

Notes
Turn   | Place    | Note
-------+----------+-------------------------------------------
     0 | D:1      | Loudmushroom the Minotaur Berserker began the quest for the Orb.
     0 | D:1      | Reached XP level 1. HP: 19/19 MP: 0/0
   124 | D:1      | Reached XP level 2. HP: 26/27 MP: 1/1
   124 | D:1      | Reached skill level 4 in Axes
   552 | D:1      | Reached XP level 3. HP: 27/33 MP: 2/2
   827 | D:1      | Reached ** piety under Trog
  1064 | D:2      | Noticed Natasha
  1069 | D:2      | Killed Natasha
  1069 | D:2      | Reached XP level 4. HP: 33/40 MP: 3/3
  1079 | D:2      | Reached skill level 5 in Axes
  1330 | D:2      | Noticed Natasha
  1334 | D:2      | Killed Natasha
  1334 | D:2      | Reached XP level 5. HP: 39/47 MP: 4/4
  1445 | D:2      | Noticed Natasha
  1452 | D:2      | Killed Natasha
  1688 | D:2      | Found a stormy altar of Qazlal.
  1738 | D:2      | Found an ornate altar of the Wu Jian Council.
  1739 | D:2      | Found a shadowy altar of Dithmenos.
  1866 | D:3      | Found an iron altar of Okawaru.
  1914 | D:3      | Noticed Robin
  1925 | D:3      | Reached *** piety under Trog
  1931 | D:3      | Killed Robin
  1931 | D:3      | Reached XP level 6. HP: 54/55 MP: 5/5
  2109 | D:3      | Found a runed door.
  2113 | D:3      | Noticed Crazy Yiuf
  2118 | D:3      | Killed Crazy Yiuf
  2118 | D:3      | Reached skill level 5 in Fighting
  2118 | D:3      | Reached skill level 6 in Axes
  2838 | D:4      | Reached **** piety under Trog
  2923 | D:4      | Found a staircase to the Ecumenical Temple.
  2933 | D:4      | Reached XP level 7. HP: 61/61 MP: 6/6
  3030 | D:4      | Reached skill level 7 in Axes
  3209 | D:4      | Reached skill level 5 in Armour
  3315 | D:5      | Entered Level 5 of the Dungeon
  3315 | D:5      | Found Mefanoodgh's Food Boutique.
  3328 | D:5      | Noticed Ijyb
  3338 | D:5      | Killed Ijyb
  3340 | D:5      | Reached skill level 8 in Axes
  3340 | D:5      | Reached skill level 5 in Dodging
  3340 | D:5      | Reached XP level 8. HP: 57/70 MP: 7/7
  3616 | D:5      | Noticed Grinder
  3623 | D:5      | Killed Grinder
  3684 | D:5      | Found an iron altar of Okawaru.
  3898 | D:5      | Found a shimmering altar of Xom.
  4174 | D:6      | Reached skill level 9 in Axes
  4211 | D:6      | Noticed Sigmund
  4217 | D:6      | Killed Sigmund
  4352 | D:6      | Reached XP level 9. HP: 79/79 MP: 8/8
  4547 | D:6      | Found an ancient bone altar of Kikubaaqudgha.
  4547 | D:6      | Found a snail-covered altar of Cheibriados.
  4647 | D:6      | Reached ***** piety under Trog
  4872 | D:6      | Reached skill level 10 in Axes
  4904 | D:6      | Found a glowing golden altar of the Shining One.
  5814 | D:7      | Found a burning altar of Makhleb.
  6359 | D:8      | Noticed a two-headed ogre
  6367 | D:8      | Killed a two-headed ogre
  6367 | D:8      | Reached skill level 11 in Axes
  6450 | D:8      | Noticed a two-headed ogre
  6461 | D:8      | Killed a two-headed ogre
  6461 | D:8      | Reached XP level 10. HP: 75/90 MP: 9/9
  6667 | D:8      | Noticed Joseph
  6683 | D:8      | Killed Joseph
  6807 | D:8      | Reached skill level 12 in Axes
  7210 | D:9      | Found an opulent altar of Gozag.
  7301 | D:9      | Found a runed door.
  7304 | D:9      | Found a runed door.
  7563 | D:9      | Received a gift from Trog
  7804 | D:9      | Identified a scroll of acquirement
  7807 | D:9      | Got a pair of fine gloves
  7813 | D:9      | Identified the +2 pair of gloves "Cuahat" {*Slow rC+ Dex+2 SInv} (You acquired it on level 9 of the Dungeon)
  7822 | D:10     | Entered Level 10 of the Dungeon
  7864 | D:10     | Noticed an orc knight
  7966 | D:10     | Killed an orc knight
  8091 | D:10     | Found Asie's Armour Shop.
  8093 | D:10     | Found a staircase to the Orcish Mines.
  8310 | D:10     | Noticed an unseen horror
  8324 | D:10     | Killed an unseen horror
  8335 | D:10     | Reached XP level 11. HP: 63/99 MP: 10/10
  8543 | D:10     | Reached skill level 13 in Axes
  8656 | D:10     | Found a portal to a secret trove of treasure.
  8728 | D:10     | Found an opulent altar of Gozag.
  8750 | D:10     | Noticed a two-headed ogre
  8759 | D:10     | Killed a two-headed ogre
  8759 | D:10     | Reached skill level 10 in Fighting
  9177 | D:10     | Noticed an unseen horror
  9200 | D:10     | Killed an unseen horror
  9278 | D:10     | Found a staircase to the Lair.
  9491 | D:10     | Noticed Fannar
  9532 | D:10     | Killed Fannar
  9532 | D:10     | Reached skill level 10 in Armour
  9828 | Lair:1   | Entered Level 1 of the Lair of Beasts
  9935 | Lair:1   | Noticed a four-headed hydra
 10111 | Lair:1   | Killed a four-headed hydra
 10111 | Lair:1   | Reached skill level 14 in Axes
 11841 | Lair:2   | Found a hole to the Spider Nest.
 11851 | Lair:2   | Reached XP level 12. HP: 99/110 MP: 11/11
 11855 | Lair:2   | Reached skill level 10 in Dodging
 12215 | Lair:2   | Reached skill level 1 in Evocations
 12546 | Lair:2   | Found a staircase to the Shoals.
 12619 | Lair:2   | Found an ornate altar of the Wu Jian Council.
 12725 | Lair:2   | Received a gift from Trog
 13201 | Lair:3   | Reached skill level 15 in Axes
 13536 | Lair:3   | Got a wizard robe
 13547 | Lair:3   | Identified the +2 robe of Resourcefulness {-Cast Str+6 Dex+6} (You found it on level 3 of the Lair of Beasts)
 14721 | Lair:3   | Noticed Rupert
 14736 | Lair:3   | Killed Rupert
 15719 | Lair:4   | Noticed Kirke
 15738 | Lair:4   | Killed Kirke
 15738 | Lair:4   | Reached XP level 13. HP: 86/118 MP: 14/14
 16040 | Lair:4   | Reached skill level 16 in Axes
 16972 | Lair:5   | Found a staircase to the Slime Pits.
 17989 | Lair:6   | Entered Level 6 of the Lair of Beasts
 18259 | Lair:6   | Received a gift from Trog
 18559 | Lair:6   | Reached skill level 5 in Evocations
 19113 | Lair:6   | Reached skill level 17 in Axes
 19356 | Lair:6   | Reached XP level 14. HP: 112/129 MP: 17/17
 19460 | Lair:6   | Reached ****** piety under Trog
 20499 | Orc:1    | Entered Level 1 of the Orcish Mines
 21010 | Orc:1    | Found a flagged portal.
 21369 | Orc:1    | Noticed Urug
 21390 | Orc:1    | Killed Urug
 21739 | Orc:2    | Entered Level 2 of the Orcish Mines
 21846 | Orc:2    | Found a roughly hewn altar of Beogh.
 22258 | Orc:2    | Found a staircase to the Elven Halls.
 22364 | Orc:2    | Received a gift from Trog
 22518 | Orc:2    | Noticed Saint Roka
 22536 | Orc:2    | Slain by an orc warrior

Vault maps used:
D:1:      minmay_arrival_stone_box, minmay_small_reverse_x
D:2:      cheibrodos_pilgrimage, nicolae_qazlal_eye_of_the_storm,
          gammafunk_temple_overflow_statue, uniq_natasha
D:3:      minmay_roachtagon, first_ration, okawaru_trees_1, uniq_robin,
          uniq_crazy_yiuf_cottage
D:4:      minmay_temple_entry_statues, grunt_tough_drop
D:5:      kennysheep_little_box, xom_butterflies, serial_shops, shop,
          uniq_grinder, uniq_ijyb
D:6:      wad_crossroads, tso_oasis_becter, gammafunk_temple_overflow_wave,
          uniq_sigmund
D:7:      kennysheep_mini_moat
D:8:      the_bakery, uniq_joseph
D:9:      lemuel_insect_pit, nicolae_overflow_crystal_walls,
          kennysheep_another_room, kennysheep_small_circle
D:10:     erik_lair_orcish_takeover, orc_david_3, basic_altar,
          nicolae_trove_entry_free_sample, uniq_fannar
Lair:1:   serial_bayou_pond_b, ldierk_geyser, infiniplex_staircase_pool_2
Lair:2:   elwin_shoals_entry_rooms, spider_nest_entry_a, basic_altar,
          st_stairs_8, infiniplex_staircase_pool
Lair:3:   uniq_rupert
Lair:4:   grunt_megastairs_5, uniq_kirke
Lair:5:   nicolae_slime_entry_slimehenge, serial_bayou_pond_c,
          kilobyte_rumbling_trees, grunt_megastairs_3
Lair:6:   minmay_lair_end_enchanted_forest, serial_bayou_pond_c,
          serial_bayou_shore_b, serial_bayou_shore_a, grunt_megastairs_2
Orc:1:    enter_bailey_3, abandoned_shop, uniq_urug
Orc:2:    pf_orc_diabolical, basic_altar, uniq_saint_roka

Skill      XL: |  1  2  3  4  5  6  7  8  9 10 11 12 13 14 |
---------------+-------------------------------------------+-----
Axes           | 4 5 6 8 9 11 12 14 15 17 | 17.8
Fighting       | 4 5 6 7 8 9 11 12 13 | 13.4
Armour         | 3 4 5 6 8 9 10 11 12 13 | 13.2
Dodging        | 3 4 5 6 7 8 9 10 11 12 | 12.2
Evocations     | 3 5 6 |  6.2

Action                   |  1- 3 |  4- 6 |  7- 9 | 10-12 | 13-15 || total
-------------------------+-------+-------+-------+-------+-------++-------
Melee: Hand axe          |    52 |   142 |   182 |    41 |       ||   417
       Headbutt          |     6 |    25 |    40 |   171 |   180 ||   422
       War axe           |       |       |       |   559 |    39 ||   598
       Morningstar       |       |       |       |    32 |       ||    32
       Broad axe         |       |       |       |       |   578 ||   578
       Battleaxe         |       |       |       |       |    14 ||    14
 Fire: Shortbow          |       |       |    23 |    30 |    11 ||    64
Throw: Stone             |       |     4 |       |       |       ||     4
       Javelin           |       |       |     8 |       |       ||     8
Invok: Berserk           |     1 |     1 |     3 |     4 |     4 ||    13
       Trog's Hand       |       |     3 |     2 |     5 |     6 ||    16
Evoke: Wand              |       |       |       |       |     3 ||     3
  Use: Scroll            |       |       |    13 |     5 |     4 ||    22
 Stab: Distracted        |       |       |     1 |       |       ||     1
  Eat: Chunk             |     1 |     8 |     8 |     9 |    18 ||    44
       Ration            |       |       |     2 |     9 |     3 ||    14
Armor: Animal skin       |     2 |       |       |       |       ||     2
       Ring mail         |    17 |    20 |       |       |       ||    37
       Chain mail        |       |    37 |    46 |   104 |   251 ||   438
       Plate armour      |       |       |    32 |   323 |       ||   355
Dodge: Dodged            |    50 |    93 |    66 |   398 |   493 ||  1100

Table legend:
 A = Spawn XP
 B = Non-spawn XP
 C = Spawn XP percentage of total XP
 D = Spawn monster count
 E = Non-spawn monster count
 F = Spawn count percentage of total count
 G = Total turns spent on level
                    A         B        C        D         E        F      G
               +---------+---------+-------+---------+---------+-------+---------
         Total |       0 |   81744 |   0.0 |       0 |     567 |   0.0 | 22536
               +---------+---------+-------+---------+---------+-------+---------
           D:1 |       0 |      69 |   0.0 |       0 |      33 |   0.0 |  1033
           D:2 |       0 |     207 |   0.0 |       0 |      25 |   0.0 |   804
           D:3 |       0 |     224 |   0.0 |       0 |      48 |   0.0 |   675
           D:4 |       0 |     674 |   0.0 |       0 |      26 |   0.0 |   803
           D:5 |       0 |     823 |   0.0 |       0 |      18 |   0.0 |   744
           D:6 |       0 |    1597 |   0.0 |       0 |      31 |   0.0 |  1192
           D:7 |       0 |     808 |   0.0 |       0 |      17 |   0.0 |  1079
           D:8 |       0 |    3368 |   0.0 |       0 |      30 |   0.0 |   781
           D:9 |       0 |    1760 |   0.0 |       0 |      31 |   0.0 |  1446
          D:10 |       0 |    5783 |   0.0 |       0 |      37 |   0.0 |  1574
        Lair:1 |       0 |    5269 |   0.0 |       0 |      19 |   0.0 |  1656
        Lair:2 |       0 |    5255 |   0.0 |       0 |      24 |   0.0 |  1673
        Lair:3 |       0 |    7719 |   0.0 |       0 |      20 |   0.0 |  1943
        Lair:4 |       0 |    7979 |   0.0 |       0 |      27 |   0.0 |  1694
        Lair:5 |       0 |    5408 |   0.0 |       0 |      27 |   0.0 |  1253
        Lair:6 |       0 |   26781 |   0.0 |       0 |     100 |   0.0 |  2391
         Orc:1 |       0 |    3845 |   0.0 |       0 |      18 |   0.0 |   998
         Orc:2 |       0 |    4175 |   0.0 |       0 |      36 |   0.0 |   797
               +---------+---------+-------+---------+---------+-------+---------
